 Dungeon Crawl Stone Soup version 0.29.1-1-gd02db6906a (webtiles) character file.

Game seed: 11126930558458077478

155 RascalDebosk the Magician (level 5, -7/38 HPs)
             Began as a Djinni Ice Elementalist on Oct 19, 2022.
             Shot with a bolt by an orc warrior (22 damage)
             ... on level 4 of the Dungeon.
             The game lasted 00:21:48 (3750 turns).

RascalDebosk the Magician (Djinni Ice Elementalist) Turns: 3750, Time: 00:21:48

Health: -7/38      AC:  2    Str:  7    XL:     5   Next: 63%
Gold:   163        EV: 12    Int: 18    God:
                   SH:  6    Dex: 14

rFire   + + .      SeeInvis .   h - +0 falchion
rCold   . . .      Faith    .   j - +2 buckler
rNeg    . . .      Spirit   .   a - +0 robe
rPois   ∞          Reflect  .   (no helmet)
rElec   .          Harm     .   (no cloak)
rCorr   .          Rampage  .   (no gloves)
Will    .....                   (boots unavailable)
Stlth   ++........              (no amulet)
HPRegen 0.12/turn               b - ring of protection from cold
MPRegen 0.00/turn               (no ring)

@: freezing walls, flying
A: sickness immunity, fire resistance 2, cold vulnerability 1, float, innate
caster, HP casting, extra vitality 1
a: no special abilities


You were on level 4 of the Dungeon.
You visited 1 branch of the dungeon, and saw 4 of its levels.

You collected 163 gold pieces.

Inventory:

Hand Weapons
 h - a +0 falchion (weapon)
 s - a +0 dagger
Armour
 a - a +0 robe (worn)
 j - a +2 buckler (worn)
Jewellery
 b - a ring of protection from cold (left hand)
Scrolls
 c - a scroll of silence {unknown}
 e - a scroll of blinking {unknown}
 i - 4 scrolls of identify
 k - a scroll of enchant weapon {unknown}
 t - a scroll of teleportation
Potions
 d - 2 potions of curing


   Skills:
 + Level 2.2 Fighting
 - Level 3.1 Dodging
 - Level 1.5 Stealth
 + Level 1.0 Shields
 * Level 4.2 Spellcasting


You couldn't memorise any spells.
You knew the following spells:

 Your Spells              Type           Power      Damage    Failure   Level
a - Freeze                Ice            76%        1d9       3%          1
b - Frozen Ramparts       Ice            38%        1d6       10%         3
c - Ozocubu's Armour      Ice            19%        N/A       10%         3
d - Hailstorm             Conj/Ice       19%        3d6       32%         4
e - Foxfire               Conj/Fire      76%        2x1d7     3%          1
f - Scorch                Fire           38%        2d7       4%          2
Your spell library was empty.

Dungeon Overview and Level Annotations

Branches:
Dungeon (4/15)             Temple (0/1) D:4

Altars:

Shops:
D:3 *

Annotations:
D:3 2 runed translucent doors, xian's ghost, amateur DrGl


Innate Abilities, Weirdness & Mutations

You are immune to sickness and miasma.
You are immune to poison.
Your flesh is very heat resistant. (rF++)
You are vulnerable to cold. (rC-)
You float through the air rather than walking.
You learn spells naturally, not from books.
Your magical power is your life essence.
You have superior vitality. (+4 MHP)


Message History

There is a stone staircase leading up here.
As you read the scroll labelled TIOLOI JAINEM, it crumbles to dust.
It is a scroll of identify.
d - 2 potions of curing;
i - 4 scrolls of identify
c - a scroll labelled UREDAS HYESIE
As you read the scroll labelled FIMIX YNAPEDA, it crumbles to dust.
It is a scroll of enchant armour.
Your +0 buckler glows green for a moment.
As you read the scroll of enchant armour, it crumbles to dust.
Your +1 buckler glows green for a moment.
As you read the scroll labelled GIQ RAK NUNIF, it crumbles to dust.
You feel strangely unstable.
It was a scroll of teleportation.
t - a scroll of teleportation Your surroundings suddenly seem different.
An endoplasm comes into view.
Found a rapier.
The endoplasm quivers.
Casting: Foxfire (safe; 3% risk of failure)
Press: ? - help, Q - select action, (/) - cycle Dir - look around, f - activate You conjure some foxfire!
Casting: Foxfire (safe; 3% risk of failure)
Press: ? - help, Q - select action, (/) - cycle Dir - look around, f - activate You conjure some foxfire!
The foxfire hits the endoplasm.
The endoplasm is almost dead.
The foxfire hits the endoplasm.
You kill the endoplasm!
Your foxfire dissipates! x2
HP restored.
Found a stone staircase leading down.
You reach down and open the door.
An orc, 3 orc wizards and a goblin come into view.
An orc wizard is wielding a +1 dagger of venom.
The orc wizard shouts!
The orc shouts!
The orc wizard shouts! x2
The goblin shouts!
An orc wizard breaks down the door.
The orc wizard gestures wildly while chanting.
The orc wizard flickers and vanishes!
Deactivating autopickup; reactivate with Ctrl-A.
The orc wizard casts a spell.
The orc wizard flickers and vanishes!
An orc warrior comes into view. It is wielding a +0 mace.
Found 6 atropa-tipped darts.
Found a staircase to the Ecumenical Temple.
Casting: Foxfire (safe; 3% risk of failure)
Confirm with . or Enter, or press ? or * to list all spells.
The spell is extremely dangerous to miscast (36% risk of failure)!
Continue anyway?
Casting: Hailstorm (extremely dangerous; 36% risk of failure)
Press: ? - help, Dir - look around, f - activate A cannonade of hail descends around you!
The hail pelts something!
The hail pelts the orc warrior!
The orc warrior is heavily wounded.
The hail pelts something!
You hear some strange, mumbled words.
The orc warrior unwields a +0 mace.
The orc warrior wields a +0 arbalest.
The orc warrior shoots a bolt.
Reactivating autopickup.
You feel a bit more experienced.
Your Fighting skill increases to level 2!
Casting: Hailstorm (extremely dangerous; 34% risk of failure)
Confirm with . or Enter, or press ? or * to list all spells.
The spell is extremely dangerous to miscast (34% risk of failure)!
Continue anyway?
Casting: Hailstorm (extremely dangerous; 34% risk of failure)
Press: ? - help, Dir - look around, f - activate A cannonade of hail descends around you!
The hail pelts something!
You feel a bit more experienced.
The hail pelts the orc warrior.
The orc warrior is severely wounded.
The hail pelts the orc!
You kill the orc!
Your Shields skill increases to level 1!
The orc warrior shoots a bolt.
The bolt hits you.
Casting: Foxfire (safe; 3% risk of failure)
Press: ? - help, Q - select action, (/) - cycle Dir - look around, f - activate You conjure some foxfire!
The foxfire hits the orc warrior but does no damage.
The orc warrior is severely wounded.
The foxfire hits the orc warrior but does no damage.
The orc warrior is severely wounded.
The orc warrior shoots a bolt.
The bolt hits you!
* * * LOW HITPOINT WARNING * * *
Casting: Foxfire (safe; 3% risk of failure)
Confirm with . or Enter, or press ? or * to list all spells.
Casting: Frozen Ramparts (dangerous; 10% risk of failure)
Press: ? - help, Dir - look around, f - activate The walls around you are covered in ice.
* * * LOW HITPOINT WARNING * * *
The wall freezes the orc warrior but does no damage.
The orc warrior shoots a bolt.
The bolt hits you but does no damage.
The wall freezes the orc wizard.
Casting: Frozen Ramparts (dangerous; 10% risk of failure)
Confirm with . or Enter, or press ? or * to list all spells.
Flames lash the orc wizard.
The orc wizard is severely wounded.
The orc wizard's fire resistance burns away.
* * * LOW HITPOINT WARNING * * *
The wall freezes the orc warrior but does no damage.
The orc warrior shoots a bolt.
The bolt hits you!!
Ouch! That really hurt!
You die...

#.. #.# #># #.#
+### #.# ....#
#.# ####)###.#
#.# #@.oo#>#.+
###.###.##g#'#(#
#........# o...#
#..#.##### #+###
#...## .. #..##
.# #..# ##.#
#..# #.. #..#
#.#######.


You could see an orc warrior, an orc wizard (combustible) and a goblin.

Vanquished Creatures
  An orc wizard (D:4)
  3 adders
  2 worms (D:1)
  2 dart slugs
  2 orcs
  4 ball pythons
  5 bats
  9 endoplasms
  6 giant cockroaches
  6 goblins
  2 hobgoblins
  4 jackals (D:1)
  7 kobolds
  3 quokkas
  2 frilled lizards
  11 rats
69 creatures vanquished.

Vanquished Creatures (others)
  An orc wizard (D:4)
  103 foxfires
104 creatures vanquished.

Grand Total: 173 creatures vanquished

Notes
Turn   | Place    | Note
-------+----------+-------------------------------------------
     0 | D:1      | RascalDebosk the Djinni Ice Elementalist began the quest
                  | for the Orb.
     0 | D:1      | RascalDebosk set off with the following spells memorised:
                  | Freeze, Frozen Ramparts, Ozocubu's Armour, Hailstorm.
     0 | D:1      | Reached XP level 1. HP: 15/15 MP: 0/0
     1 | D:1      | Found a runed translucent door.
   391 | D:1      | Reached XP level 2. HP: 21/22 MP: 0/0
   961 | D:1      | Found a faded altar of an unknown god.
  1184 | D:1      | Reached skill level 1 in Fighting
  1184 | D:1      | Reached XP level 3. HP: 23/27 MP: 0/0
  1184 | D:1      | Learned a level 1 spell: Foxfire
  1773 | D:2      | Reached XP level 4. HP: 31/32 MP: 0/0
  3003 | D:3      | Reached skill level 4 in Spellcasting
  3207 | D:3      | Reached XP level 5. HP: 33/38 MP: 0/0
  3207 | D:3      | Learned a level 2 spell: Scorch
  3418 | D:3      | Found Qupe's Assorted Antiques.
  3492 | D:3      | Found a large runed translucent door.
  3492 | D:3      | Found a large runed translucent door.
  3496 | D:3      | Noticed xian's ghost (amateur DrGl)
  3743 | D:4      | Found a staircase to the Ecumenical Temple.
  3743 | D:4      | Noticed an orc warrior
  3746 | D:4      | Reached skill level 1 in Shields
  3750 | D:4      | Shot with a bolt by an orc warrior

Illustrated notes

Levels and vault maps discovered:
D:1:      dpeg_arrival_caged_fury, layout_loops_corners,
          chequers_ecumenical_altar_grove
D:2:      minmay_skewed_foursquare, layout_loops_ring
D:3:      layout_basic, ebering_ghost_disaster_area, serial_shops, shop
D:4:      layout_loops_ring, elyvilon_altar_5, overflow_temple_1_default,
          minmay_temple_entry_glassed_door, ebering_ghost_disaster_area,
          glass_columns_c, hangedman_abyss_or_decor_lesser_grid, kennysheep_dice

Skill      XL: |  1  2  3  4  5 |
---------------+----------------+-----
Fighting       | 1 2 |  2.2
Dodging        | 3 |  3.1
Spellcasting   | 4 |  4.2
Shields        | 1 |  1.0
Stealth        | |  1.5

Action                   |  1- 3 |  4- 6 || total
-------------------------+-------+-------++-------
Melee: Dagger            |     3 |       ||     3
 Cast: Freeze            |    28 |     1 ||    29
       Foxfire           |    13 |    49 ||    62
       Frozen Ramparts   |     2 |     1 ||     3
       Ozocubu's Armour  |     1 |       ||     1
       Hailstorm         |       |     4 ||     4
       Scorch            |       |     5 ||     5
  Use: Scroll            |       |     4 ||     4
Armor: Robe              |     3 |     2 ||     5
Dodge: Dodged            |    19 |     2 ||    21
